 Dungeon Crawl Stone Soup version 0.28.0-53-g5a82cb258f (webtiles) character file.

Game seed: 11090370458184781790

34609 DildoBatman the Geomancer (level 14, -7/110 HPs)
             Began as a Formicid Conjurer on July 14, 2022.
             Was a High Priest of Kikubaaqudgha.
             Hit by a large rock thrown by a cyclops (37 damage)
             ... on level 12 of the Dungeon.
             The game lasted 01:18:27 (18384 turns).

DildoBatman the Geomancer (Formicid Conjurer)      Turns: 18384, Time: 01:18:28

Health: -7/110     AC: 16    Str: 12    XL:     14   Next: 14%
Magic:  1/35       EV: 16    Int: 23    God:    Kikubaaqudgha [*****.]
Gold:   1972       SH:  8    Dex: 18    Spells: 14/29 levels left

rFire   + + .      SeeInvis +   a - +3 Elemental Staff {rElec rF++ rC++ AC+5}
rCold   + + .      Faith    .   z - +2 buckler of the Fife {Stlth+}
rNeg    . . .      Spirit   .   R - +0 steam dragon scales
rPois   .          Reflect  .   (helmet unavailable)
rElec   +          Harm     .   y - +1 cloak {Stlth+}
rCorr   .          Rampage  .   N - +0 pair of gloves
Will    +....                   (no boots)
Stlth   ++++......              (no amulet)
HPRegen 0.28/turn               r - ring of the Barnacle {Wiz Str-3 Int+5 Dex+3}
MPRegen 0.24/turn               n - ring of magical power

@: no status effects
A: permanent stasis, dig shafts and tunnels, antennae 3, four strong arms, agile
1, strong 1
a: Dig, Shaft Self, Renounce Religion, Receive Corpses, Torment


You were on level 12 of the Dungeon.
You worshipped Kikubaaqudgha.
Kikubaaqudgha was extremely pleased with you.
You visited 3 branches of the dungeon, and saw 15 of its levels.
You also visited: Ossuary, Gauntlet and Ice Cave.

You collected 2304 gold pieces.
You spent 332 gold pieces at shops.

Inventory:

Hand Weapons
 a - the +3 Elemental Staff (weapon) {rElec rF++ rC++ AC+5}
   (You took it off a deep elf pyromancer on level 8 of the Dungeon)

   If the wielder is skilled in Evocations, they can discharge powerful blasts
   of elemental energy when striking with it.
   It enhances your fire, ice, earth and air magic.
   AC:        It affects your AC (+5).
   rF:        It greatly protects you from fire.
   rC:        It greatly protects you from cold.
   rElec:     It insulates you from electricity.
 b - the +5 short sword of Enwemm {freeze, rPois Int+7 Stlth+}
   (You found it on level 9 of the Dungeon)

   It freezes those it strikes, dealing additional cold damage.
   It can also slow down cold-blooded creatures.
   Int:       It affects your intelligence (+7).
   rPois:     It protects you from poison.
   Stlth:     It makes you more stealthy.
 e - a +4 spear of flaming
Missiles
 k - 132 sling bullets
 x - 4 javelins (quivered)
 G - 468 arrows
 H - 3 throwing nets
 X - 95 bolts
Armour
 y - a +1 cloak of stealth (worn)
 z - the +2 buckler of the Fife (worn) {Stlth+}
   (You found it on level 9 of the Dungeon)

   Stlth:     It makes you more stealthy.
 J - a +1 robe of fire resistance
 N - a +0 pair of gloves (worn)
 R - +0 steam dragon scales (worn)
Jewellery
 d - the ring "Qetofehy" {Will+ Int+3}
   (You found it in a Gauntlet)

   [ring of willpower]

   Int:       It affects your intelligence (+3).
   Will:      It increases your willpower.
 n - a ring of magical power (right hand)
 r - the ring of the Barnacle (left hand) {Wiz Str-3 Int+5 Dex+3}
   (You found it on level 2 of the Dungeon)

   [ring of wizardry]

   It improves your spell success rate.
   Str:       It affects your strength (-3).
   Int:       It affects your intelligence (+5).
   Dex:       It affects your dexterity (+3).
 I - the ring of Rojolin {rC+ Int+5}
   (You found it on level 7 of the Dungeon)

   [ring of protection from cold]

   Int:       It affects your intelligence (+5).
   rC:        It protects you from cold.
 M - a ring of resist corrosion
 O - a ring of protection from fire
 P - a ring of flight
 W - a ring of willpower
 Y - a ring of positive energy
Wands
 A - a wand of iceblast (8)
 V - a wand of acid (5)
Scrolls
 g - a scroll of identify
 h - 3 scrolls of fear
 i - 2 scrolls of summoning {unknown}
 l - a scroll of silence {unknown}
 q - 2 scrolls of blinking {unknown}
 s - a scroll of acquirement
 u - a scroll of torment {unknown}
 B - 3 scrolls of enchant armour
 C - 4 scrolls of magic mapping
 F - 6 scrolls of fog
 Q - a scroll of brand weapon {unknown}
 T - 4 scrolls of immolation
 U - 2 scrolls of vulnerability {unknown}
 Z - a scroll of amnesia {unknown}
Potions
 c - a potion of flight {unknown}
 f - a potion of brilliance {unknown}
 j - a potion of berserk rage {unknown}
 p - 7 potions of heal wounds
 t - 2 potions of invisibility {unknown}
 v - a potion of resistance {unknown}
 w - 6 potions of curing
 D - 2 potions of degeneration {unknown}
 L - 2 potions of cancellation {unknown}
 S - 3 potions of might {unknown}
Miscellaneous
 K - a lightning rod (4/4)


   Skills:
 - Level 10.0 Fighting
 - Level 10.0 Armour
 - Level 7.0 Dodging
 - Level 2.4 Stealth
 * Level 8.1 Shields
 - Level 8.0 Spellcasting
 - Level 6.0 Conjurations
 - Level 9.0 Necromancy
 - Level 6.0 Fire Magic
 - Level 11.1 Earth Magic


You had 14 spell levels left.
You knew the following spells:

 Your Spells              Type           Power      Damage    Failure   Level
a - Searing Ray           Conj           72%        2d7       1%          2
b - Stone Arrow           Conj/Erth      100%       3d13      1%          3
c - Conjure Flame         Conj/Fire      53%        6-21      1%          3
e - Magic Dart            Conj           100%       1d8       1%          1
h - Dispel Undead         Necr           50%        3d19      1%          4
z - Sublimation of Blood  Necr           50%        N/A       1%          2

Your spell library contained the following spells:

 Spells                   Type           Power      Damage    Failure   Level
 Animate Skeleton         Necr           100%       N/A       1%          1
 Pain                     Necr           100%       1d9       1%          1
 Vampiric Draining        Necr           50%        2d9       1%          3
 Animate Dead             Necr           25%        N/A       1%          4
 Dazzling Flash           Conj/Hex       46%        N/A       2%          3
 Sticky Flame             Conj/Fire      53%        2d7       2%          4
 Agony                    Necr           50%        N/A       2%          5
 Excruciating Wounds      Necr           25%        N/A       2%          5
 Slow                     Hex            36%        N/A       3%          1
 Animate Armour           Summ/Erth      100%       N/A       3%          4
 Ignite Poison            Fire/Tmut/Pois 27%        N/A       4%          3
 Anguish                  Hex/Necr       14%        N/A       4%          4
 Fulminant Prism          Conj/Hex       11%        3d9       9%          4
 Hailstorm                Conj/Ice       34%        3d9       9%          4
 Iskenderun's Mystic Bla  Conj/Tloc      23%        2d6       9%          4
 Confusing Touch          Hex            9%         N/A       10%         3
 Tukima's Dance           Hex            9%         N/A       10%         3
 Death Channel            Necr           25%        N/A       12%         6
 Ice Form                 Ice/Tmut       13%        N/A       30%         4
 Silence                  Hex/Air        6%         N/A       61%         5
 Lehudib's Crystal Spear  Conj/Erth      32%        10d8      99%         8
 Enfeeble                 Hex            4%         N/A       100%        7
 Polar Vortex             Ice            6%         N/A       100%        9


Dungeon Overview and Level Annotations

Branches:
Dungeon (12/15)            Temple (1/1) D:6            Lair (0/6) D:10
    Orc (2/2) D:11            Elf (0/3) Orc:2       Ossuary (visited)
  IceCv (visited)         Gauntlet (visited)

Altars:
Ashenzari
Cheibriados
Dithmenos
Elyvilon
Fedhas
Gozag
Hepliaklqana
Kikubaaqudgha
Makhleb
Nemelex Xobeh
Okawaru
Qazlal
Ru
Sif Muna
Trog
Uskayaw
Vehumet
Wu Jian
Xom
Yredelemnul
Zin
The Shining One
Beogh

Shops:
Orc:1 (   Orc:2 ([

Annotations:
D:12 exclusion: boulder beetle
Orc:2 exclusion: sensed monster (detected)


Innate Abilities, Weirdness & Mutations

You cannot be hasted, slowed, berserked, paralysed or teleported.
You can dig through walls and to a lower floor.
You have a pair of large antennae on your head. (SInv)
Your four strong arms can wield two-handed weapons with a shield.
You are agile. (Dex +2)
Your muscles are strong. (Str +2)


Message History

You feel sick. x4
A cyclops opens the door.
You feel sick.
You are no longer poisoned.
You block the cyclops's attack.
There is a broken door here.
You hit the cyclops but do no damage. The cyclops hits you!!
Casting: Searing Ray (safe; 1% risk of failure)
Confirm with . or Enter, or press ? or * to list all spells.
Aiming: Stone Arrow (safe; 1% risk of failure)
Press: ? - help, Shift-Dir - straight line, f - cyclops
Aim: a cyclops, quivering large rocks (98% to hit)
You feel a surge of power!
The stone arrow hits the cyclops!!
The cyclops is heavily wounded.
Casting: Stone Arrow (safe; 1% risk of failure)
Confirm with . or Enter, or press ? or * to list all spells.
You don't have enough magic to cast this spell.
You hit the cyclops.
The cyclops is heavily wounded.
The cyclops hits you!
The killer bee buzzes angrily.
Casting: Stone Arrow (safe; 1% risk of failure)
Confirm with . or Enter, or press ? or * to list all spells.
Aiming: Stone Arrow (safe; 1% risk of failure)
Press: ? - help, Shift-Dir - straight line, f/p - cyclops
Aim: a cyclops, quivering large rocks (heavily wounded, 98% to hit)
You feel a surge of power!
The stone arrow hits the cyclops!
The cyclops is almost dead.
You hear an angry buzzing noise.
The cyclops hits you but does no damage.
It's broken and can't be closed.
The cyclops throws a large rock.
The large rock completely misses you.
The cyclops throws a large rock.
The large rock hits you!!!
You die...
Kikubaaqudgha rasps: "You have failed me!
Welcome... death!"

...#.........+ {{.....+ #......
...#.......# ..!.. ......
...#.).....# .). ....
...........# #'# #'# ##.####.####
#)# #.. ##.# #..# #y# ######'
...#####.### #{# #......
...##......# #######C#####......
.).##......####.@....†.##.'......
...##......#..'........#..#......
...........#.##........#.##......
#####......#.##........'.##......
# #.....<..##........####......
#......####........# #######
######## ##########


You could see a cyclops.

Vanquished Creatures
  A minotaur (Gauntlet)
  A hydra (D:10)
  Erolcha (D:10)
  2 two-headed ogres
  2 centaur warriors (D:9)
  A death scarab (Gauntlet)
  3 death yaks
  A tengu warrior (D:8)
  2 orc high priests
  An orc knight (Orc:2)
  A deep elf pyromancer (D:8)
  5 ugly things
  3 orc sorcerers
  2 manticores
  A shining eye (Gauntlet)
  3 ice statues (IceCv)
  Joseph (D:10)
  A gargoyle (D:8)
  Maggie (D:10)
  A komodo dragon (D:11)
  2 ice devils (D:8)
  An anaconda simulacrum (IceCv)
  A freezing wraith (D:12)
  A queen bee (D:12)
  7 trolls
  3 meliai
  2 slime creatures (D:12)
  2 centaur simulacra (Gauntlet)
  A ynoxinul (Gauntlet)
  A vampire (D:10)
  2 shadows (D:10)
  Sigmund (D:5)
  3 wraiths
  A wyvern (D:8)
  2 steam dragons (D:8)
  19 yaks
  Eustachio (D:5)
  6 vampire mosquitoes
  A warg (Orc:2)
  3 death yak simulacra
  A harpy simulacrum (IceCv)
  A spectral cane toad (Gauntlet)
  3 acid dragons
  A water moccasin (D:5)
  A floating eye (Gauntlet)
  A black bear (D:4)
  21 orc warriors
  An ice beast (D:3)
  A necrophage (D:4)
  6 ogres
  7 centaurs
  3 phantoms
  A kobold brigand (D:4)
  3 bullfrogs
  3 two-headed ogre simulacra (D:12)
  2 scorpions
  A gnoll sergeant (D:7)
  A water moccasin skeleton (D:6)
  A hornet simulacrum (Gauntlet)
  4 elephant simulacra (IceCv)
  21 killer bees
  5 wights (D:10)
  A bullfrog zombie (D:4)
  5 centaur zombies
  2 hounds
  2 iron imps (Gauntlet)
  A gnoll shaman (D:4)
  18 orc priests
  3 jellies (D:7)
  2 centaur skeletons
  Jessica (D:2)
  Natasha (thrice) (D:3)
  2 iguanas (D:6)
  21 orc wizards
  A scorpion zombie (D:4)
  A spriggan simulacrum (D:12)
  3 polar bear simulacra
  A wolf simulacrum (IceCv)
  2 hound skeletons (D:4)
  4 hound zombies (D:4)
  9 mummies
  A howler monkey zombie (D:9)
  15 gnolls
  A howler monkey skeleton (D:6)
  9 adders
  A river rat (D:10)
  2 ufetubi
  An adder skeleton (D:4)
  3 adder zombies (D:4)
  6 worms
  A dart slug (D:1)
  60 orcs
  8 endoplasms
  3 giant cockroaches
  A gnoll zombie (Ossuary)
  7 hobgoblins
  7 quokkas
  8 ball pythons
  7 bats
  4 frilled lizards
  6 goblins
  2 hobgoblin zombies (Ossuary)
  9 kobolds
  3 kobold zombies (Ossuary)
  2 orc zombies (Ossuary)
  A quokka skeleton (D:4)
  A quokka zombie (D:4)
  7 rats
441 creatures vanquished.

Vanquished Creatures (others)
  5 withered plants
5 creatures vanquished.

Grand Total: 446 creatures vanquished

Notes
Turn   | Place    | Note
-------+----------+-------------------------------------------
     0 | D:1      | DildoBatman the Formicid Conjurer began the quest for the
                  | Orb.
     0 | D:1      | Reached XP level 1. HP: 13/13 MP: 3/3
    11 | D:1      | You fall into a shaft and drop 1 floor!
    73 | D:2      | Noticed Jessica
   201 | D:2      | Killed Jessica
   202 | D:2      | Reached skill level 1 in Fighting
   202 | D:2      | Reached skill level 1 in Armour
   202 | D:2      | Reached XP level 2. HP: 21/21 MP: 0/5
   202 | D:2      | Reached XP level 3. HP: 26/26 MP: 0/6
   373 | D:2      | Learned a level 2 spell: Searing Ray
   402 | D:1      | Found a faded altar of an unknown god.
   630 | D:1      | Reached XP level 4. HP: 33/33 MP: 6/8
  1358 | D:2      | Identified the ring of the Barnacle {Wiz Str-3 Int+5 Dex+3}
  1533 | D:3      | Reached XP level 5. HP: 38/38 MP: 5/9
  1759 | D:3      | Noticed an ice beast
  2131 | D:3      | Noticed Natasha
  2537 | D:4      | Learned a level 3 spell: Stone Arrow
  2538 | D:4      | Identified a scroll of acquirement
  2653 | D:4      | Reached XP level 6. HP: 43/46 MP: 5/11
  2832 | D:4      | Noticed a necrophage
  2843 | D:4      | Killed a necrophage
  3033 | D:4      | Reached XP level 7. HP: 49/52 MP: 7/13
  3132 | D:4      | Reached skill level 5 in Conjurations
  3198 | D:4      | Found Foefa's Book Shoppe.
  3412 | D:4      | Found an opulent altar of Gozag.
  3668 | D:5      | Entered Level 5 of the Dungeon
  3778 | D:5      | Noticed Eustachio
  3808 | D:5      | Noticed a water moccasin
  3889 | D:5      | Reached skill level 5 in Spellcasting
  3904 | D:5      | Reached XP level 8. HP: 33/58 MP: 4/15
  4028 | D:5      | Noticed Sigmund
  5102 | D:6      | Noticed a yak
  5108 | D:6      | Noticed a yak
  5131 | D:6      | Noticed a yak
  5166 | D:6      | Found a staircase to the Ecumenical Temple.
  5172 | Temple   | Entered the Ecumenical Temple
  5336 | Temple   | Became a worshipper of Kikubaaqudgha
  5577 | D:5      | Killed Sigmund
  5578 | D:5      | Reached skill level 2 in Earth Magic
  5647 | D:5      | Reached skill level 3 in Earth Magic
  5751 | D:4      | Reached skill level 4 in Earth Magic
  5787 | D:4      | Reached XP level 9. HP: 51/63 MP: 19/19
  5803 | D:4      | Reached skill level 5 in Earth Magic
  5852 | D:3      | Killed Natasha
  5860 | D:3      | Noticed Natasha
  5866 | D:3      | Killed Natasha
  5936 | D:3      | Reached skill level 6 in Earth Magic
  5997 | D:3      | Noticed Natasha
  5999 | D:3      | Killed Natasha
  6086 | D:5      | Killed Eustachio
  6087 | D:5      | Reached skill level 7 in Earth Magic
  6664 | D:6      | Reached skill level 8 in Earth Magic
  6879 | D:5      | Reached skill level 9 in Earth Magic
  7318 | D:7      | Reached * piety under Kikubaaqudgha
  7318 | D:7      | Received a gift from Kikubaaqudgha
  7376 | D:7      | Found a sand-covered staircase.
  7390 | Ossuary  | Entered an ossuary
  7642 | Ossuary  | Reached XP level 10. HP: 71/71 MP: 20/20
  7834 | D:7      | Identified the ring of Rojolin {rC+ Int+5}
  8283 | D:8      | Reached ** piety under Kikubaaqudgha
  8307 | D:7      | Reached skill level 5 in Fighting
  8307 | D:7      | Reached skill level 5 in Armour
  8463 | D:8      | Learned a level 2 spell: Sublimation of Blood
  8528 | D:8      | Reached skill level 1 in Necromancy
  8700 | D:8      | Noticed a gargoyle
  8856 | D:8      | Noticed a deep elf pyromancer
  9138 | D:8      | Reached skill level 5 in Necromancy
  9413 | D:8      | Noticed an ice devil
  9621 | D:9      | Noticed a two-headed ogre
  9628 | D:9      | Killed a two-headed ogre
  9629 | D:9      | Reached XP level 11. HP: 79/79 MP: 6/21
  9771 | D:9      | Noticed a manticore
  9771 | D:9      | Noticed a centaur warrior
  9771 | D:9      | Noticed a tengu warrior
  9772 | D:9      | Noticed a centaur warrior
 10224 | D:10     | Entered Level 10 of the Dungeon
 10330 | D:10     | Noticed a death yak
 10363 | D:10     | Killed a death yak
 10434 | D:10     | Found a staircase to the Lair.
 10435 | D:10     | Noticed a death yak
 10435 | D:10     | Noticed a death yak
 10465 | D:9      | Killed a death yak
 10600 | D:10     | Killed a death yak
 10876 | D:10     | Noticed Joseph
 10881 | D:10     | Killed Joseph
 10901 | D:10     | Identified the +1 ring mail "Fozeol" {rCorr Str+2 Dex-5}
 10911 | D:10     | Noticed Maggie
 10914 | D:10     | Killed Maggie
 10914 | D:10     | Reached *** piety under Kikubaaqudgha
 10914 | D:10     | Received a gift from Kikubaaqudgha
 10920 | D:10     | Learned a level 4 spell: Dispel Undead
 10998 | D:10     | Noticed Erolcha
 11003 | D:10     | Killed Erolcha
 11352 | D:8      | Reached skill level 5 in Dodging
 11389 | D:8      | Noticed a white ugly thing
 11393 | D:8      | Killed a white ugly thing
 11413 | D:8      | Reached XP level 12. HP: 58/89 MP: 1/23
 11438 | D:8      | Learned a level 3 spell: Conjure Flame
 11596 | D:8      | Reached skill level 1 in Fire Magic
 11910 | D:11     | Noticed a six-headed hydra
 12096 | D:11     | Reached skill level 5 in Fire Magic
 12332 | D:11     | Found a gate leading to a gauntlet.
 12373 | Gauntlet | Entered a Gauntlet
 12373 | Gauntlet | Found a transporter.
 12373 | Gauntlet | Found a transporter.
 12373 | Gauntlet | Found a transporter.
 12374 | Gauntlet | Found a transporter.
 12383 | Gauntlet | Noticed a death scarab
 12388 | Gauntlet | Found a transporter.
 12395 | Gauntlet | Found a transporter.
 12405 | Gauntlet | Noticed an orb spider
 12405 | Gauntlet | a floating eye changed into an orb spider
 12407 | Gauntlet | an orb spider changed into a cyclops
 12412 | Gauntlet | Found a transporter.
 12414 | Gauntlet | Noticed a deep troll
 12414 | Gauntlet | a shining eye changed into a deep troll
 12416 | Gauntlet | Found a transporter.
 12420 | Gauntlet | a deep troll changed into a torpor snail
 12433 | Gauntlet | Noticed a sea snake
 12433 | Gauntlet | a slime creature changed into a sea snake
 12434 | Gauntlet | Found a transporter.
 12436 | Gauntlet | a sea snake changed into a torpor snail
 12437 | Gauntlet | Noticed a shock serpent
 12437 | Gauntlet | a torpor snail changed into a shock serpent
 12441 | Gauntlet | a shock serpent changed into a slime creature
 12475 | Gauntlet | Found a transporter.
 12496 | Gauntlet | Found a transporter.
 12511 | Gauntlet | Found a transporter.
 12546 | Gauntlet | Noticed a fire crab
 12548 | Gauntlet | a fire crab changed into a queen bee
 12598 | Gauntlet | Noticed a two-headed ogre
 12627 | Gauntlet | a two-headed ogre changed into a dream sheep
 12657 | Gauntlet | Noticed a swamp dragon
 12659 | Gauntlet | a swamp dragon changed into an elephant
 12662 | Gauntlet | Gained mutation: You are clumsy. (Dex -2) [potion of
                  | mutation]
 12662 | Gauntlet | Gained mutation: Your spells are a little easier to cast,
                  | but a little less powerful. [potion of mutation]
 12662 | Gauntlet | Lost mutation: You are clumsy. (Dex -2) [potion of
                  | mutation]
 12663 | Gauntlet | Lost mutation: Your spells are a little easier to cast, but
                  | a little less powerful. [potion of mutation]
 12663 | Gauntlet | Gained mutation: You are partially covered in iridescent
                  | scales. (AC +2) [potion of mutation]
 12663 | Gauntlet | Gained mutation: You have large cloven feet. [potion of
                  | mutation]
 12702 | Gauntlet | Identified the ring "Qetofehy" {Will+ Int+3}
 12897 | Gauntlet | Killed a death scarab
 12907 | Gauntlet | Noticed a deep troll
 13017 | Gauntlet | Noticed a minotaur
 13024 | Gauntlet | Killed a minotaur
 13321 | D:11     | Found a staircase to the Orcish Mines.
 13731 | Orc:1    | Entered Level 1 of the Orcish Mines
 13731 | Orc:1    | Found Plog's Antique Weapon Shop.
 13894 | Orc:1    | Noticed a sixfirhy
 14073 | Orc:1    | Noticed an orc high priest
 14082 | D:11     | Reached **** piety under Kikubaaqudgha
 14177 | D:11     | Killed an orc high priest
 14178 | D:11     | Reached XP level 13. HP: 66/98 MP: 19/25
 14826 | Orc:2    | Entered Level 2 of the Orcish Mines
 15302 | Orc:2    | Found a staircase to the Elven Halls.
 15447 | Orc:2    | Reached ***** piety under Kikubaaqudgha
 15636 | Orc:2    | Reached skill level 10 in Armour
 15898 | Orc:2    | Reached skill level 10 in Fighting
 16129 | Orc:2    | Found Riddeig's Antique Weapon Shop.
 16252 | Orc:2    | Found Orecebyc's Antique Armour Shop.
 16260 | Orc:2    | Bought a pair of crude gloves for 332 gold pieces
 16260 | Orc:2    | Identified the -3 pair of gloves of Lucidity {rF++ Slay-2
                  | Stlth+} (You bought it in a shop on level 2 of the Orcish
                  | Mines)
 16648 | D:10     | Killed a six-headed hydra
 16649 | D:10     | Reached skill level 10 in Earth Magic
 16808 | D:9      | Killed a centaur warrior
 16978 | D:9      | Reached skill level 11 in Earth Magic
 17058 | D:9      | Identified the +2 buckler of the Fife {Stlth+}
 17060 | D:9      | Identified the +5 short sword of Enwemm {freeze, rPois
                  | Int+7 Stlth+}
 17185 | D:9      | Reached skill level 1 in Shields
 17208 | D:9      | Killed a centaur warrior
 17397 | D:12     | Found a frozen archway.
 17402 | D:12     | Noticed a boulder beetle
 17489 | D:12     | Lost mutation: You are partially covered in iridescent
                  | scales. (AC +2) [potion of mutation]
 17489 | D:12     | Lost mutation: You have large cloven feet. [potion of
                  | mutation]
 17489 | D:12     | Gained mutation: You do not regenerate when monsters are
                  | visible. [potion of mutation]
 17489 | D:12     | Gained mutation: Your muscles are strong. (Str +2) [potion
                  | of mutation]
 17489 | D:12     | Gained mutation: Your muscles are very strong. (Str +4)
                  | [potion of mutation]
 17492 | D:12     | Lost mutation: You do not regenerate when monsters are
                  | visible. [potion of mutation]
 17492 | D:12     | Lost mutation: Your muscles are very strong. (Str +4)
                  | [potion of mutation]
 17492 | D:12     | Lost mutation: Your muscles are strong. (Str +2) [potion of
                  | mutation]
 17492 | D:12     | Gained mutation: Your muscles are strong. (Str +2) [potion
                  | of mutation]
 17492 | D:12     | Gained mutation: You are agile. (Dex +2) [potion of
                  | mutation]
 17562 | IceCv    | Entered an ice cave
 17621 | IceCv    | Reached skill level 5 in Shields
 17885 | IceCv    | Reached XP level 14. HP: 67/110 MP: 7/26
 18019 | IceCv    | Got the Volume of Snow
 18384 | D:12     | Hit by a large rock thrown by a cyclops

Illustrated notes

Levels and vault maps discovered:
D:1:      tarquinn_simple_flora_water_c, layout_rooms,
          hellmonk_ecumenical_altar_slurped_away
D:2:      layout_basic, uniq_jessica
D:3:      layout_loops_corners, nrook_loot_triangle, uniq_natasha
D:4:      layout_loops_cross, nicolae_gozag_cash_rules_everything_around_me,
          serial_shops, kennysheep_little_box, serial_undead, serial_undead_c,
          serial_undead_e, serial_undead_d, serial_undead_e, serial_undead_f,
          serial_undead_e, minmay_divided_ellipse
D:5:      layout_loops_ring, uniq_sigmund, uniq_eustachio
D:6:      layout_basic, minmay_temple_entry_enclosed_plants
D:7:      layout_cave_pools, gup_ossuary_entry_pyramid
D:8:      layout_basic, dilly_guarded_unrand_elemental_staff
D:9:      layout_cave_pools, minivault_12
D:10:     layout_loops_cross, dpeg_lair_monsters, corexii_leaking_fountain,
          uniq_erolcha, uniq_joseph, uniq_maggie
D:11:     layout_long_grid, orc_0_dummy, gauntlet_entry_generic
D:12:     layout_roguey [special_room_bee], portal_ice_cave_entry_ice_simulacra,
          nzn_sisyphean_effort
Temple:   kilobyte_greek_temple
Orc:1:    layout_diamond_mine, serial_shops, shop, nicolae_orc_bridge_out
Orc:2:    grunt_orc_community_town_hall, layout_diamond_mine,
          grunt_orc_community_big_house_2, grunt_orc_community_big_house_2,
          grunt_orc_community_house_1, grunt_orc_community_house_2,
          grunt_orc_community_house_2, grunt_orc_community_house_1,
          grunt_orc_community_house_3

Skill      XL: |  1  2  3  4  5  6  7  8  9 10 11 12 13 14 |
---------------+-------------------------------------------+-----
Fighting       | 1 2 3 4 5 6 8 10 | 10.0
Armour         | 1 2 3 4 6 7 8 10 | 10.0
Dodging        | 2 3 4 5 6 7 |  7.0
Conjurations   | 4 5 6 |  6.0
Spellcasting   | 3 4 5 7 8 |  8.0
Earth Magic    | 4 9 11 | 11.1
Necromancy     | 7 9 |  9.0
Fire Magic     | 6 |  6.0
Shields        | 6 8 |  8.1
Stealth        | |  2.4

Action                   |  1- 3 |  4- 6 |  7- 9 | 10-12 | 13-15 || total
-------------------------+-------+-------+-------+-------+-------++-------
Melee: Falchion          |       |    15 |     3 |     3 |       ||    21
       Short sword       |       |       |    20 |       |       ||    20
       Punch             |       |       |     1 |       |     1 ||     2
       Long sword        |       |       |       |     7 |       ||     7
       Staff             |       |       |       |    26 |   191 ||   217
       Kick              |       |       |       |    11 |    38 ||    49
       Spear             |       |       |       |       |     5 ||     5
 Fire: Hunting sling     |    31 |   105 |    97 |    75 |       ||   308
 Cast: Magic Dart        |    19 |    28 |    17 |    13 |    13 ||    90
       Searing Ray       |     1 |    21 |    54 |    12 |    23 ||   111
       Stone Arrow       |       |       |    20 |   184 |   180 ||   384
       Sublimation of Bl |       |       |       |    16 |    14 ||    30
       Conjure Flame     |       |       |       |    15 |    32 ||    47
       Dispel Undead     |       |       |       |    13 |     6 ||    19
 Abil: Dig               |       |       |       |     1 |     1 ||     2
  Use: Scroll            |       |     3 |     2 |     3 |     3 ||    11
       Potion            |       |       |       |     2 |     2 ||     4
 Stab: Sleeping          |       |       |       |       |     3 ||     3
Armor: Robe              |     1 |     8 |    12 |     2 |       ||    23
       Steam dragon scal |       |       |       |   106 |   119 ||   225
Dodge: Dodged            |     5 |    50 |    78 |   165 |   216 ||   514
Block: Buckler           |       |       |       |       |    56 ||    56
